 Dungeon Crawl Stone Soup version 0.29.0-11-gd7f09526c8 (webtiles) character file.

Game seed: 15750840370167368290

1 H0rd4k the Charlatan (level 1, 1/1 (15) HPs)
             Began as a Human Artificer on Sept 5, 2022.
             Tarried too long and was consumed by Zot
             ... on level 1 of the Dungeon.
             The game lasted 00:03:04 (8998 turns).

H0rd4k the Charlatan (Human Artificer)              Turns: 8998, Time: 00:03:05

HP:   1/1 (15)      AC:  3    Str: 12    XL:     1   Next: 22%
MP:   1/1           EV: 11    Int: 11    God:
Gold: 0             SH:  0    Dex: 13    Spells: 0/0 levels left

rFire   . . .      SeeInvis .   a - +0 club
rCold   . . .      Faith    .   (no shield)
rNeg    . . .      Spirit   .   b - +0 leather armour
rPois   .          Reflect  .   (no helmet)
rElec   .          Harm     .   (no cloak)
rCorr   .          Rampage  .   (no gloves)
Will    .....                   (no boots)
Stlth   +.........              (no amulet)
HPRegen 0.01/turn               (no ring)
MPRegen 0.07/turn               (no ring)

@: extremely drained, bezotted and risking death
A: no striking features
a: no special abilities


You were on level 1 of the Dungeon.
You visited 1 branch of the dungeon, and saw 1 of its levels.

Inventory:

Hand Weapons
 a - a +0 club (weapon)
Missiles
 f - 6 poisoned darts
Armour
 b - a +0 leather armour (worn)
Wands
 c - a wand of flame (15) (quivered)
 d - a wand of charming (15)
 e - a wand of iceblast (5)
Scrolls
 g - a scroll of magic mapping {unknown}


   Skills:
 + Level 1.0 Fighting
 + Level 2.0 Armour
 + Level 1.0 Dodging
 + Level 1.0 Stealth
 + Level 3.1 Evocations


You couldn't memorise any spells.
You didn't know any spells.
Your spell library was empty.

Dungeon Overview and Level Annotations

Branches:
Dungeon (1/15) Zot: 0! You are so drained that the power of Zot will kill you!

Altars:


Message History

You see here a ball python skeleton.
You see here a ball python skeleton.
You see here a ball python skeleton.
You see here a ball python skeleton.
You see here a ball python skeleton.
You see here a ball python skeleton.
You see here a ball python skeleton.
You see here a ball python skeleton.
You see here a ball python skeleton.
Zot has nearly found you.
Suffering is approaching.
Descend or flee this branch!
You see here a ball python skeleton.
You see here a ball python skeleton.
You see here a ball python skeleton.
You see here a ball python skeleton.
Zot's power touches on you...
You feel drained.
You have lingered too long.
Zot senses you.
Dive deeper or flee this branch before you suffer!
A rat comes into view.
Found a stone staircase leading down.
A rat is nearby!
A rat is nearby!
A rat is nearby!
Zot draws nearer.
Dive deeper or flee this branch before you suffer!
Zot has nearly found you.
Suffering is approaching.
Descend or flee this branch!
Zot's power touches on you...
You feel drained.
You have lingered too long.
Zot senses you.
Dive deeper or flee this branch before you suffer!
Unknown command.
Unknown command.
Unknown command.
Zot draws nearer.
Dive deeper or flee this branch before you suffer!
Zot has nearly found you.
Suffering is approaching.
Descend or flee this branch!
Zot's power touches on you...
You feel drained.
Unknown command.
You have lingered too long.
Zot senses you.
Dive deeper or flee this branch before you perish!
Zot draws nearer.
Dive deeper or flee this branch before you perish!
Zot has nearly found you.
Death is approaching.
Descend or flee this branch!
Zot's tendrils burst from within you!
You die...

####### #.....#
#.....# #.....#
#.....# #....@#
###### ###.....#
##....####.......#
...........#.....#
......####.......#
#.....##...#.....###
.........######....#
........###
#.##....#
...<......# #..#
###.#


There were no monsters in sight!

Vanquished Creatures
  A ball python (D:1)
1 creature vanquished.

Notes
Turn   | Place    | Note
-------+----------+-------------------------------------------
     0 | D:1      | H0rd4k the Human Artificer began the quest for the Orb.
     0 | D:1      | Reached XP level 1. HP: 15/15 MP: 1/1
  5000 | D:1      | Glimpsed the power of Zot.
  5500 | D:1      | Glimpsed the power of Zot.
  5898 | D:1      | Glimpsed the power of Zot.
  5998 | D:1      | Touched by the power of Zot.
  5999 | D:1      | Glimpsed the power of Zot.
  6499 | D:1      | Glimpsed the power of Zot.
  6899 | D:1      | Glimpsed the power of Zot.
  6998 | D:1      | Touched by the power of Zot.
  6999 | D:1      | Glimpsed the power of Zot.
  7499 | D:1      | Glimpsed the power of Zot.
  7899 | D:1      | Glimpsed the power of Zot.
  7998 | D:1      | Touched by the power of Zot.
  7999 | D:1      | Glimpsed the power of Zot.
  8499 | D:1      | Glimpsed the power of Zot.
  8899 | D:1      | Glimpsed the power of Zot.
  8998 | D:1      | Tarried too long and was consumed by Zot

Illustrated notes

Levels and vault maps discovered:
D:1:      dpeg_arrival_orchard, layout_rooms, shapermc_ecumenical_altar_gd

Action                   || total
-------------------------++-------
Melee: Club              ||     4
Armor: Leather armour    ||     2
Dodge: Dodged            ||     2
